 Dungeon Crawl Stone Soup version 0.22.1-5-g62c59d9 (webtiles) character file.

1003 sanboga the Chopper (level 8, 0/76 HPs)
             Began as a Gargoyle Berserker on Jan 15, 2019.
             Was a Priest of Trog.
             Slain by a very large slime creature (37 damage)
             ... on level 5 of the Dungeon.
             The game lasted 00:07:19 (4675 turns).

sanboga the Chopper (Gargoyle Berserker)            Turns: 4675, Time: 00:07:19

Health: 0/76       AC:  5    Str: 28    XL:     8   Next: 20%
Magic:  8/8        EV: 12    Int:  8    God:    Trog [***...]
Gold:   62         SH:  0    Dex:  9    Spells: 7/7 levels left

rFire    . . .     SeeInvis .   k - +0 war axe
rCold    . . .     Gourm    .   (no shield)
rNeg     + . .     Faith    .   b - +0 animal skin
rPois    ∞         Spirit   .   i - +0 helmet
rElec    +         Reflect  .   (no cloak)
rCorr    .         Harm     .   (no gloves)
MR       .....                  (no boots)
Stlth    ..........             (no amulet)
HPRegen  0.22/turn              (no ring)
MPRegen  0.11/turn              (no ring)

@: berserking (expiring), corroded, very quick
A: negative energy resistance 1, electricity resistance, unbreathing,
petrification resistance, rot immunity, AC +5
a: Berserk, Trog's Hand, Renounce Religion


You were on level 5 of the Dungeon.
You worshipped Trog.
Trog was most pleased with you.
You were hungry.

You visited 1 branch of the dungeon, and saw 5 of its levels.

You collected 216 gold pieces.
You spent 154 gold pieces at shops.

Inventory:

Hand Weapons
 k - a +0 war axe (weapon)
Armour
 b - a +0 animal skin (worn)
 i - a +0 helmet (worn)
Jewellery
 d - an uncursed ring of ice
Wands
 n - a wand of enslavement (13)
Scrolls
 g - a scroll of remove curse
Potions
 a - a potion of might
 e - a potion of flight
 f - a potion of resistance
 j - a potion of mutation
 l - 3 potions of curing
 m - 2 potions of heal wounds
Comestibles
 c - 7 rations


   Skills:
 + Level 6.0 Fighting
 * Level 6.5 Axes
 + Level 5.4 Armour
 - Level 1.5 Dodging


You had 7 spell levels left.
You didn't know any spells.
Your spell library was empty.

Dungeon Overview and Level Annotations

Branches:
Dungeon (5/15)
 Temple: D:4-7

Altars:
Elyvilon
Gozag
Hepliaklqana
Okawaru
Qazlal
Sif Muna
Uskayaw
Vehumet
Wu Jian

Shops:
D:4 !


Innate Abilities, Weirdness & Mutations

You are resistant to torment.
Your stone body is resilient. (AC +5)
You are immune to poison.
You resist negative energy. (rN+)
You are resistant to electric shocks. (rElec)
You can survive without breathing.
You are immune to petrification.
You are immune to rotting.


Message History

You slash the large slime creature!
The large slime creature is moderately wounded.
You slice the large slime creature!!
The large slime creature is heavily wounded.
The large slime creature misses you.
A slime creature comes into view.
The slime creature quivers.
You slash the large slime creature!
The large slime creature is heavily wounded.
The large slime creature hits you!!!
You slash the large slime creature!
The large slime creature is severely wounded.
The large slime creature hits you but does no damage.
You slash the large slime creature!
The large slime creature is severely wounded.
A slime creature suddenly becomes a very large slime creature.
You slice the very large slime creature!!
The very large slime creature is severely wounded.
The very large slime creature hits you!!!
You die...

.#...# .#...# .#...# .#...#
##...# .....# ###### ##...#
######## #......
##...####......##JJ÷÷...
......##.....(.#@# #. ....
##.(..'........#.# #.# ....
.#....'..).....#†# #.##....
.#....'.()...#'#.# #.......
.####.##.).).#.#.# #.......
......###....#.#.# #.......
#.....# #######.## #.......
#.....########### #.......
#.....+......#############.######


You could see a very large slime creature and an ooze.

Vanquished Creatures
  Sigmund (D:4)
  An ogre (D:4)
  A big kobold (D:5)
  A scorpion (D:5)
  A howler monkey (D:4)
  3 crimson imps
  A jelly (D:5)
  2 bullfrog skeletons
  2 hounds (D:5)
  An iguana (D:4)
  Natasha (thrice) (D:2)
  3 worker ants (D:5)
  6 adders
  3 oozes
  An adder skeleton (D:4)
  4 worms
  2 dart slugs (D:1)
  6 orcs
  7 giant cockroaches
  6 goblins
  8 hobgoblins
  6 jackals
  3 quokkas
  12 bats
  4 frilled lizards
  16 kobolds
  10 rats
114 creatures vanquished.

Vanquished Creatures (others)
  6 toadstools (D:5)
6 creatures vanquished.

Grand Total: 120 creatures vanquished

Notes
Turn   | Place    | Note
-------+----------+-------------------------------------------
     0 | D:1      | sanboga the Gargoyle Berserker began the quest for the Orb.
     0 | D:1      | Reached XP level 1. HP: 14/14 MP: 1/1
   130 | D:1      | Reached XP level 2. HP: 11/19 MP: 2/2
   601 | D:1      | Reached XP level 3. HP: 23/23 MP: 3/3
   904 | D:1      | Reached ** piety under Trog
  1203 | D:2      | Noticed Natasha
  1211 | D:2      | HP: 1/36 [Natasha (8)]
  1214 | D:2      | Killed Natasha
  1214 | D:2      | Reached XP level 4. HP: 2/29 MP: 4/4
  1225 | D:2      | Noticed Sigmund
  2194 | D:2      | Found a deep blue altar of Sif Muna.
  2272 | D:2      | Noticed Natasha
  2281 | D:2      | Killed Natasha
  2281 | D:2      | Reached XP level 5. HP: 30/33 MP: 5/5
  2526 | D:2      | Noticed Natasha
  2539 | D:2      | Killed Natasha
  2629 | D:3      | Found an opulent altar of Gozag.
  2635 | D:3      | Found a hazy altar of Hepliaklqana.
  2636 | D:3      | Found a radiant altar of Vehumet.
  2637 | D:3      | Found a deep blue altar of Sif Muna.
  2704 | D:3      | Found a hide-covered altar of Uskayaw.
  2705 | D:3      | Noticed a hand axe
  2705 | D:3      | Noticed a dagger
  2959 | D:3      | Reached XP level 6. HP: 34/39 MP: 6/6
  2965 | D:3      | Found an ornate altar of the Wu Jian Council.
  3150 | D:3      | Reached *** piety under Trog
  3804 | D:4      | Found Vulampeeqe's Distillery.
  3813 | D:4      | Reached skill level 5 in Axes
  3862 | D:4      | Bought a potion of lignification for 42 gold pieces
  3862 | D:4      | Bought a potion of degeneration for 14 gold pieces
  3864 | D:4      | Bought a potion of might for 56 gold pieces
  3864 | D:4      | Bought a potion of flight for 42 gold pieces
  3960 | D:4      | Found an iron altar of Okawaru.
  3997 | D:4      | Reached skill level 5 in Fighting
  4047 | D:4      | Found a stormy altar of Qazlal.
  4083 | D:4      | Found a white marble altar of Elyvilon.
  4104 | D:4      | Reached XP level 7. HP: 24/44 MP: 7/7
  4110 | D:4      | Killed Sigmund
  4186 | D:5      | Entered Level 5 of the Dungeon
  4255 | D:5      | Reached skill level 5 in Armour
  4409 | D:5      | Reached XP level 8. HP: 38/51 MP: 8/8
  4661 | D:5      | Noticed a slime creature
  4661 | D:5      | Noticed a slime creature
  4671 | D:5      | Noticed a slime creature
  4675 | D:5      | Slain by a very large slime creature

Skill      XL: |  1  2  3  4  5  6  7  8 |
---------------+-------------------------+-----
Axes           | 3 4 5 6 |  6.5
Fighting       | 4 5 6 |  6.0
Armour         | 3 4 5 |  5.4
Dodging        | |  1.5

Action                   |  1- 3 |  4- 6 |  7- 9 || total
-------------------------+-------+-------+-------++-------
Melee: Hand axe          |   141 |   188 |       ||   329
       War axe           |       |    72 |    95 ||   167
Invok: Berserk           |     1 |     1 |     2 ||     4
  Use: Scroll            |     4 |    12 |       ||    16
       Potion            |     2 |       |       ||     2
 Stab: Sleeping          |       |     1 |       ||     1
  Eat: Chunk             |       |    13 |     3 ||    16
Armor: Animal skin       |    64 |    94 |    37 ||   195
Dodge: Dodged            |   121 |   172 |    64 ||   357
